 Dungeon Crawl Stone Soup version 0.30-a0-913-g9934a0ce24 (webtiles) character file.

Game seed: 17925553463377905741

233 Zonian the Ruffian (level 6, 0/32 HPs)
             Began as a Vine Stalker Gladiator on Mar 19, 2023.
             Killed by divine providence
             ... invoked by an orc priest
              (12 damage)
             ... on level 4 of the Dungeon.
             The game lasted 00:05:41 (2067 turns).

Zonian the Ruffian (Vine Stalker Gladiator)         Turns: 2067, Time: 00:05:42

Health: 0/32       AC:  7    Str: 19    XL:     6   Next: 5%
Magic:  0/7        EV: 12    Int: 16    God:
Gold:   168        SH:  0    Dex: 21    Spells: 5/5 levels left

rFire   . . .      SeeInvis .      - Unarmed
rCold   + . .      Faith    .    (no shield)
rNeg    . . .      Spirit   +    q - +0 ring mail of Repulsion {rElec rPois Int+8 Stlth-}
rPois   +          Reflect  .    b - +1 helmet
rElec   +          Rampage  .    (no cloak)
rCorr   .                        (no gloves)
Will    .....                    (no boots)
Stlth   +                        (no amulet)
HPRegen 1.05/turn                n - +6 ring of dexterity
MPRegen 0.10/turn                r - ring of protection from cold

@: no status effects
A: fangs 2, regeneration 1, magic shield, antimagic bite, no potion heal 2
a: no special abilities


You were on level 4 of the Dungeon.
You visited 1 branch of the dungeon, and saw 4 of its levels.

You collected 168 gold pieces.

Inventory:

Missiles
 c - 3 throwing nets (quivered)
 d - 5 javelins
 j - 7 poisoned darts
 k - 7 datura-tipped darts
Armour
 a - a +0 leather armour
 b - a +1 helmet (worn)
 l - an orb of light
 q - the +0 ring mail of Repulsion (worn) {rElec rPois Int+8 Stlth-}
   (You found it on level 2 of the Dungeon)

   Int:       It affects your intelligence (+8).
   rElec:     It insulates you from electricity.
   rPois:     It protects you from poison.
   Stlth:     It makes you less stealthy.
Jewellery
 n - a +6 ring of dexterity (left hand)
 r - a ring of protection from cold (right hand)
Scrolls
 m - 2 scrolls of enchant armour
Potions
 e - a potion of flight {unknown}
 f - 6 potions of curing
 h - 2 potions of magic {unknown}
 i - a potion of heal wounds {unknown}
 o - a potion of haste {unknown}


   Skills:
 + Level 3.4 Fighting
 - Level 2.0 Throwing
 - Level 2.5 Dodging
 + Level 3.7 Stealth
 + Level 4.4 Unarmed Combat


You had 5 spell levels left.
You didn't know any spells.
Your spell library was empty.

Dungeon Overview and Level Annotations

Branches:
Dungeon (4/15)
 Temple: D:4-7

Altars:


Innate Abilities, Weirdness & Mutations

You have extremely sharp teeth.
Your natural rate of healing is unusually fast.
When hurt, damage is shared between your health and your magic reserves.
Your bite disrupts and absorbs the magic of your enemies.
Potions cannot restore your health.


Message History

Reactivating autopickup.
You feel a bit more experienced.
You have reached level 6!
You hit the orc priest but do no damage.
The orc priest closely misses you.
You hit the orc priest.
The orc priest is lightly wounded.
The orc priest hits you with a +0 hand axe.
You hit the orc priest but do no damage.
Your bite misses the orc priest.
The orc priest is lightly wounded.
The orc priest closely misses you.
You closely miss the orc priest.
The orc priest is lightly wounded.
The orc priest hits you with a +0 hand axe.
The orc priest miscasts a cantrip.
You hit the orc priest but do no damage.
The orc priest is lightly wounded.
The orc priest calls down the wrath of Beogh upon you.
Pain shoots through your body!
You hit the orc priest.
The orc priest is heavily wounded.
The orc priest hits you but does no damage.
You hit the orc priest.
The orc priest is almost dead.
The orc priest hits you with a +0 hand axe.
The orc priest mumbles some strange prayers to Beogh against you.
Beogh smites you!
* * * LOW HITPOINT WARNING * * *
You hit the orc priest but do no damage.
The orc priest is almost dead.
You closely miss the orc priest.
The orc priest is almost dead.
The orc priest looks satisfied for a moment.
Unknown command.
You hit the orc priest.
You kill the orc priest!
The orc priest mumbles some strange prayers to Beogh against you.
Beogh smites you!
You die...

#..# #### #..#
...## #..# #...#
#.## ... #.#
..... .o. #.#
..#. . #o#
#.######## ... ..
#)# ##.........
#.g #. #@#
#.)######## g.
#.. #.# #..# .#
.#...##.# #..# g#
........######..#
o#
................#
o....#
##...#########..#
....## ..... #..#
....... .... #..#
.(..... ... #..#


You could see an orc priest and an orc.

Vanquished Creatures
  An orc priest (D:4)
  A sleepcap (D:4)
  An iguana (D:4)
  3 orc wizards (D:4)
  2 adders (D:3)
  A worm (D:2)
  5 orcs
  5 bats
  10 endoplasms
  4 giant cockroaches
  6 goblins
  3 hobgoblins
  10 jackals
  3 kobolds
  3 quokkas
  4 ball pythons
  8 frilled lizards
  9 rats
79 creatures vanquished.

Notes
Turn   | Place    | Note
-------+----------+-------------------------------------------
     0 | D:1      | Zonian the Vine Stalker Gladiator began the quest for the
                  | Orb.
     0 | D:1      | Reached XP level 1. HP: 11/11 MP: 2/2
    77 | D:1      | Reached XP level 2. HP: 15/15 MP: 3/3
   402 | D:1      | Reached skill level 1 in Stealth
   402 | D:1      | Reached XP level 3. HP: 17/18 MP: 2/4
   670 | D:2      | Identified the staff of air "Vaemayti" {rElec Str+3}
   878 | D:2      | Identified the +0 ring mail of Repulsion {rElec rPois Int+8
                  | Stlth-}
   912 | D:2      | Identified the +6 dagger of the Ten Bones {speed, *Corrode
                  | rC+ rN+}
  1085 | D:3      | Gained mutation: Your natural rate of healing is unusually
                  | fast. [Vine Stalker growth]
  1085 | D:3      | Reached XP level 4. HP: 20/23 MP: 5/5
  1559 | D:4      | HP: 1/23 [gnoll/+0 club[a gnoll bouda] (4)]
  1721 | D:4      | Reached skill level 4 in Unarmed Combat
  1721 | D:4      | Reached XP level 5. HP: 25/28 MP: 4/6
  1928 | D:4      | Identified the +2 dagger "Tirutwui" {vamp, rCorr}
  2058 | D:4      | Reached XP level 6. HP: 26/32 MP: 4/7
  2067 | D:4      | Killed from afar by an orc priest

Illustrated notes

Levels and vault maps discovered:
D:1:      spicycebolla_arrival_ecumenical, layout_rooms, st_stairs_1,
          chequers_serial_rivers_micro_d, minmay_misc_feat_plants,
          minmay_pentomino_x2
D:2:      layout_rooms, solitary_fountain, kennysheep_decorative_pillar,
          kennysheep_generic_room_3
D:3:      layout_rooms, kennysheep_generic_room_4
D:4:      layout_loops_ring, grunt_ministairs_6

Skill      XL: |  1  2  3  4  5 |
---------------+----------------+-----
Throwing       | 2 |  2.0
Fighting       | 2 3 |  3.4
Stealth        | 1 2 3 |  3.7
Unarmed Combat | 4 |  4.4
Dodging        | |  2.5

Action                     |  1- 3 |  4- 6 || total
---------------------------+-------+-------++-------
  Melee: Unarmed           |   134 |   113 ||   247
         Bite              |    37 |    25 ||    62
         Punch             |     1 |     1 ||     2
  Throw: Throwing net      |       |     1 ||     1
    Use: Scroll            |       |     8 ||     8
   Stab: Sleeping          |     1 |       ||     1
 Armour: Leather armour    |    34 |       ||    34
         Ring mail         |     5 |    36 ||    41
  Dodge: Dodged            |    91 |    56 ||   147

Table legend: (Time is in decaauts)
 A = Elapsed time spent in this place.
 B = Non-inter-level travel time spent in this place.
 C = Inter-level travel time spent in this place.
 D = Time resting spent in this place.
 E = Time spent auto-exploring this place.
 F = Levels seen in this place.
 G = Mean time per level.
                   A        B        C        D        E       F      G
               +--------+--------+--------+--------+--------+-----+--------+
         Total |   2051 |   1971 |     80 |    311 |   1048 |   4 |  512.8 |
       Dungeon |   2051 |   1971 |     80 |    311 |   1048 |   4 |  512.8 |
               +--------+--------+--------+--------+--------+-----+--------+

Top non-repeatable levels by time:
     D:3: 621 daAuts
     D:1: 552 daAuts
     D:2: 507 daAuts
     D:4: 369 daAuts
